 Dungeon Crawl Stone Soup version bcrawl-1.21.2-28-g2cb1824106 (webtiles) character file.

Game seed: 5377992253571653537

254 Freyura the Covered (level 6, -4/38 HPs)
             Began as a Gargoyle Fighter on Mar 24, 2020.
             Was an Initiate of the Shining One.
             Killed by divine providence
             ... invoked by an orc priest
              (9 damage)
             ... on level 3 of the Dungeon.
             The game lasted 00:06:52 (2538 turns).

Freyura the Covered (Gargoyle Fighter)              Turns: 2538, Time: 00:06:52

Health: -4/38      AC: 11    Str: 19    XL:     6   Next: 15%
Magic:  7/7        EV:  8    Int:  9    God:    the Shining One [......]
Gold:   156        SH:  9    Dex: 11    Spells: 5/5 levels left

rFire    . . .     SeeInvis .   a - +0 flail
rCold    . . .     Gourm    .   c - +0 medium shield
rNeg     + . .     Faith    .   b - +0 scale mail
rPois    ∞         Spirit   .   (no helmet)
rElec    +         Reflect  .   (no cloak)
rCorr    .         Harm     .   (no gloves)
MR       +....                  (no boots)
Stlth    ..........             (no amulet)
HPRegen  0.12/turn              j - ring of protection from magic
MPRegen  0.10/turn              (no ring)

@: glowing
A: negative energy resistance 1, electricity resistance, unbreathing,
petrification resistance, rot immunity, AC +4
a: Renounce Religion


You were on level 3 of the Dungeon.
You worshipped the Shining One.
The Shining One was noncommittal.
You were not hungry.

You visited 1 branch of the dungeon, and saw 3 of its levels.

You collected 156 gold pieces.

Inventory:

Hand Weapons
 a - a +0 flail (weapon)
Armour
 b - a +0 scale mail (worn)
 c - a +0 medium shield (worn)
Jewellery
 d - an uncursed ring of protection from cold
 j - a ring of protection from magic (left hand)
Scrolls
 g - 2 scrolls of amnesia {unknown}
 h - 4 scrolls of identify {unknown}
 i - a scroll of magic mapping {unknown}
 k - 2 scrolls of remove curse {unknown}
 o - a scroll of enchant armour {unknown}
Potions
 f - a potion of brilliance {unknown}
 l - a potion of flight {unknown}
 m - a potion of invisibility {unknown}
 n - 2 potions of heal wounds {unknown}
Comestibles
 e - 6 rations {!d}


   Skills:
 + Level 4.2 Fighting
 + Level 3.1 Maces & Flails
 + Level 4.3 Armour
 + Level 1.7 Dodging
 + Level 4.2 Shields
 + Level 1.9 Invocations


You had 5 spell levels left.
You didn't know any spells.
Your spell library was empty.

Dungeon Overview and Level Annotations

Branches:
Dungeon (3/12)

Altars:
Ashenzari
Cheibriados
Ru
Yredelemnul
The Shining One


Innate Abilities, Weirdness & Mutations

You are resistant to torment.
Your stone body is resilient. (AC +4)
You are immune to poison.
You resist negative energy. (rN+)
You are resistant to electric shocks. (rElec)
You can survive without breathing.
You are immune to petrification.
You are immune to rotting.


Message History

You see here an adder corpse.
The orc throws a tomahawk.
The tomahawk barely misses you.
The orc throws a tomahawk.
The tomahawk hits you but does no damage.
The orc throws a tomahawk.
The tomahawk hits you.
The orc priest calls upon Beogh to heal the orc.
The orc's wounds heal themselves!
The orc throws a tomahawk.
You block the tomahawk.
The orc throws a tomahawk.
The tomahawk hits you but does no damage.
The orc hits you but does no damage.
An orc priest comes into view. It is wielding a +0 dagger.
You see here an adder corpse.
You hit the orc but do no damage. The orc hits you but does no damage.
The orc priest invokes the aid of Beogh against you.
Beogh smites you!
* * * LOW HITPOINT WARNING * * *
The orc priest mumbles some strange prayers to Beogh against you.
Beogh smites you!
You die...

.. .. .# #. .... .## ##
o#. ..# .. oS #.#
..#######o
###.##...[....)#
....##.#######o###########
..............oo@........#
.....#.##<####.#########.#
...)...........#
...)........o.####
####...##.###....#
..........###.##.#
.......##.###.##.#
.......'...#.....#
.......##..#...###


You could see 2 orc priests and 2 orcs.

Vanquished Creatures
  Sigmund (D:3)
  A gnoll (D:2)
  2 adders (D:3)
  3 worms
  A dart slug (D:2)
  4 leopard geckos
  8 orcs
  5 bats
  2 giant cockroaches (D:2)
  3 goblins (D:1)
  2 hobgoblins
  A jackal (D:1)
  A quokka (D:3)
  A ball python (D:2)
  2 frilled lizards
  8 kobolds
  3 rats
48 creatures vanquished.

Notes
Turn   | Place    | Note
-------+----------+-------------------------------------------
     0 | D:1      | Freyura the Gargoyle Fighter began the quest for the Orb.
     0 | D:1      | Reached XP level 1. HP: 14/14 MP: 1/1
   439 | D:1      | Reached XP level 2. HP: 14/19 MP: 2/2
  1054 | D:2      | Found a sacrificial altar of Ru.
  1055 | D:2      | Found a snail-covered altar of Cheibriados.
  1115 | D:2      | Reached XP level 3. HP: 23/23 MP: 3/3
  1214 | D:2      | Found a basalt altar of Yredelemnul.
  1229 | D:2      | Noticed a profane servitor
  1234 | D:2      | Found a glowing golden altar of the Shining One.
  1236 | D:2      | Noticed an angel
  1241 | D:2      | Became a worshipper of the Shining One
  1646 | D:2      | Reached skill level 1 in Dodging
  2138 | D:3      | Noticed Sigmund
  2146 | D:3      | Killed Sigmund
  2146 | D:3      | Reached skill level 1 in Invocations
  2146 | D:3      | Reached XP level 4. HP: 16/29 MP: 3/5
  2146 | D:3      | Reached XP level 5. HP: 19/33 MP: 3/6
  2400 | D:3      | Reached XP level 6. HP: 35/38 MP: 7/7
  2463 | D:3      | Found a shattered altar of Ashenzari.
  2538 | D:3      | Killed from afar by an orc priest

Skill      XL: |  1  2  3 |
---------------+----------+-----
Dodging        | 1 |  1.7
Fighting       | 4 |  4.2
Maces & Flails | 3 |  3.1
Armour         | 4 |  4.3
Shields        | 4 |  4.2
Invocations    | 1 |  1.9

Action                   |  1- 3 |  4- 6 || total
-------------------------+-------+-------++-------
Melee: Flail             |   134 |    45 ||   179
  Use: Potion            |     1 |       ||     1
  Eat: Chunk             |     4 |     1 ||     5
Armor: Scale mail        |    61 |    25 ||    86
Dodge: Dodged            |    37 |    25 ||    62
Block: Medium shield     |    66 |    25 ||    91
